[Event "Team 45 45 League T93"]
[Site "Internet Chess Club"]
[Date "2022.07.13"]
[Round "1"]
[White "VictorRed"]
[Black "room-matt"]
[Result "1/2-1/2"]
[WhiteElo "1665"]
[BlackElo "1797"]
[Opening "QGD: 4.Nf3"]
[ECO "D37"]
[Time "13:34:48"]
[PlyCount "169"]
[TimeControl "2700+45"]

1. d4 Nf6 2. Nf3 e6 3. c4 d5 4. Nc3 Be7 5. cxd5 exd5 6. e3 O-O 7. h3 b6 8. Bd3
c5 9. b3 Nc6 10. Ne5 Nb4 11. Bb1 Bd6 12. O-O Bb7 13. a3 Nc6 14. f4 a6 15. Bb2
Re8 16. Re1 Qc7 17. Bc2 Qe7 18. Qd3 h6 19. Nxd5 Qe6 20. Nxf6+ gxf6 21. Qh7+ Kf8
22. Qxh6+ Ke7 23. f5 Qc8 24. Ng4 Bg3 25. Qxf6+ Kf8 26. Red1 cxd4 27. exd4 Re2
28. Qh6+ Ke7 29. Qg5+ Kd6 30. Ne3 Qg8 31. Qxg8 Rxg8 32. Nc4+ Kc7 33. Rd2 Bf2+
34. Kf1 Rxd2 35. Nxd2 Bxd4 36. Bxd4 Nxd4 37. Be4 Nxb3 38. Nxb3 Bxe4 39. g4 Rh8
40. Rc1+ Kd6 41. Rc3 Ke5 42. Nd2 Bd5 43. Kf2 Kf4 44. Nf1 b5 45. Ng3 Kg5 46. Ne2
Re8 47. Re3 Rh8 48. Kg3 Bc4 49. Nd4 Bd5 50. Nf3+ Bxf3 51. Rxf3 Rh6 52. Rd3 Rc6
53. h4+ Kf6 54. Kf4 Rc4+ 55. Kf3 a5 56. Rd6+ Ke7 57. Rb6 Rc3+ 58. Kf4 Rxa3 59.
Rxb5 a4 60. Rb7+ Ke8 61. Ra7 Rh3 62. Kg5 a3 63. h5 Rg3 64. f6 Rf3 65. Ra6 Kd8
66. Kh4 a2 67. Rxa2 Rxf6 68. Ra7 Rf1 69. h6 Rh1+ 70. Kg5 Ke8 71. Ra8+ Ke7 72.
Ra6 Rh2 73. Kf5 Rf2+ 74. Ke4 Rg2 75. Kf3 Rg1 76. Ra5 Rh1 77. g5 Ke6 78. Kg2 Rh5
79. Kg3 f6 80. Ra6+ Kf5 81. Ra5+ Kg6 82. Kg4 Rxg5+ 83. Rxg5+ fxg5 84. h7 Kxh7
85. Kxg5 {Game drawn because neither player has mating material} 1/2-1/2

[Event "Team 45 45 League T93"]
[Site "Internet Chess Club"]
[Date "2022.07.18"]
[Round "1"]
[White "Electryon"]
[Black "kabindra"]
[Result "0-1"]
[WhiteElo "1405"]
[BlackElo "1690"]
[Opening "English opening"]
[ECO "A20"]
[Time "15:25:09"]
[PlyCount "44"]
[TimeControl "2700+45"]

1. c4 e5 2. g3 Nc6 3. Bg2 f5 4. Nc3 Nf6 5. d3 d5 6. cxd5 Ne7 7. Bg5 Ng6 8. e4 f4
9. Nf3 h6 10. Bxf6 Qxf6 11. d4 Bd6 12. O-O O-O 13. dxe5 Nxe5 14. Nb5 Bg4 15. Qb3
Nxf3+ 16. Bxf3 Bxf3 17. Nxd6 Be2 18. Rfe1 f3 19. Nf5 Qg5 20. Nd4 Qg4 21. Nxe2
Qh3 22. Nf4 Rxf4 {White resigns} 0-1

[Event "Team 45 45 League T93"]
[Site "Internet Chess Club"]
[Date "2022.07.19"]
[Round "1"]
[White "jjmolina1"]
[Black "clarinetref"]
[Result "0-1"]
[WhiteElo "1419"]
[BlackElo "1456"]
[Opening "French: Rubinstein variation"]
[ECO "C10"]
[Time "10:09:45"]
[PlyCount "40"]
[TimeControl "2700+45"]

1. e4 e6 2. d4 d5 3. Nc3 dxe4 4. Nxe4 Nd7 5. Bd3 Ngf6 6. Nf3 Nxe4 7. Bxe4 Nf6 8.
Bd3 Be7 9. O-O O-O 10. c3 c5 11. Re1 Nd5 12. Qc2 f5 13. Qe2 Qc7 14. c4 Nf4 15.
Qd2 Nxd3 16. Qxd3 cxd4 17. Qxd4 Bc5 18. Qc3 a5 19. Be3 Bb4 20. Bf4 Qxf4 {White
resigns} 0-1

[Event "Team 45 45 League T93"]
[Site "Internet Chess Club"]
[Date "2022.07.17"]
[Round "1"]
[White "DaveTheRook"]
[Black "olivermx"]
[Result "0-1"]
[WhiteElo "1365"]
[BlackElo "1333"]
[Opening "QGA: 3.e4"]
[ECO "D20"]
[Time "13:04:27"]
[PlyCount "84"]
[TimeControl "2700+45"]

1. d4 d5 2. c4 dxc4 3. e4 e6 4. Bxc4 Nf6 5. f3 b6 6. Be3 Bb7 7. Nc3 a6 8. Nge2
Be7 9. O-O O-O 10. Rc1 Nbd7 11. Qc2 Rc8 12. Rfd1 b5 13. Bb3 c6 14. a3 Ne8 15.
Ba2 Nb6 16. Qd3 Nd6 17. b3 Ne8 18. e5 Bxa3 19. Bb1 f5 20. Rc2 Nc7 21. Na2 Be7
22. Nf4 Nbd5 23. Nxd5 Nxd5 24. f4 Qd7 25. Nc3 Nb4 26. Qe2 Nxc2 27. Bxc2 Rfd8 28.
g4 g6 29. gxf5 gxf5 30. h3 Kh8 31. Kh2 Rg8 32. Rg1 Rxg1 33. Bxg1 Rg8 34. Qh5 Qe8
35. Qe2 Qg6 36. Qf1 Qg3+ 37. Kh1 c5+ 38. d5 exd5 39. Bxf5 Qxc3 40. Qb1 Qf3+ 41.
Kh2 Qxf4+ 42. Kh1 d4+ {White resigns} 0-1

[Event "Team 45 45 League T93"]
[Site "Internet Chess Club"]
[Date "2022.07.14"]
[Round "1"]
[White "Portola"]
[Black "elmaestro"]
[Result "1-0"]
[WhiteElo "1684"]
[BlackElo "1682"]
[Opening "Dutch, 2.Bg5 variation"]
[ECO "A80"]
[Time "17:26:45"]
[PlyCount "117"]
[TimeControl "2700+45"]

1. d4 f5 2. Bg5 h6 3. Bh4 g6 4. e3 Bg7 5. c3 Nf6 6. Bxf6 Bxf6 7. Nd2 d5 8. Bd3
Nc6 9. Ngf3 O-O 10. Qc2 a5 11. a3 Qd6 12. O-O e6 13. c4 b6 14. cxd5 exd5 15.
Rac1 Bb7 16. Bb5 Na7 17. Qxc7 Nxb5 18. Qxb7 Rab8 19. Qc6 Qxc6 20. Rxc6 Kg7 21.
Rfc1 Rf7 22. Nb1 Rbb7 23. Nc3 Nxc3 24. R1xc3 Rfd7 25. Kf1 b5 26. Rc2 a4 27. Ke2
b4 28. axb4 Rxb4 29. g3 g5 30. h4 gxh4 31. Nxh4 Bxh4 32. gxh4 Rdb7 33. Rc7+ Rxc7
34. Rxc7+ Kg6 35. Rc2 Kh5 36. Kf3 Kxh4 37. Kf4 Kh3 38. Kxf5 Kg2 39. Kg4 h5+ 40.
Kxh5 Kf3 41. Kg5 Ke4 42. f4 Kxe3 43. f5 Rxd4 44. f6 Rb4 45. f7 Rb8 46. Rc7 Rf8
47. Re7+ Kf3 48. Kg6 d4 49. Kg7 Rxf7+ 50. Rxf7+ Ke2 51. Ra7 d3 52. Rxa4 d2 53.
Rd4 d1=Q 54. Rxd1 Kxd1 55. b4 Kc2 56. b5 Kc3 57. b6 Kc4 58. b7 Kc5 59. b8=Q
{Black resigns} 1-0

[Event "Team 45 45 League T93"]
[Site "Internet Chess Club"]
[Date "2022.07.14"]
[Round "1"]
[White "burlap"]
[Black "nosir"]
[Result "1/2-1/2"]
[WhiteElo "1510"]
[BlackElo "1350"]
[Opening "Modern defense"]
[ECO "A40"]
[Time "16:00:18"]
[PlyCount "83"]
[TimeControl "2700+45"]

1. d4 g6 2. Bf4 Nf6 3. e3 Bg7 4. Bd3 O-O 5. Nd2 d6 6. Ngf3 Nbd7 7. h3 Re8 8. O-O
e5 9. dxe5 dxe5 10. Bg5 Nc5 11. Be2 b6 12. Re1 Bb7 13. Bh4 Qd7 14. Bg3 Nfe4 15.
Nxe4 Qxd1 16. Nf6+ Bxf6 17. Raxd1 e4 18. Nd4 Be5 19. Bxe5 Rxe5 20. Nb3 Nxb3 21.
axb3 Rd5 22. Rxd5 Bxd5 23. Rd1 Be6 24. Bc4 Bxc4 25. bxc4 a5 26. Rd4 f5 27. f3
exf3 28. gxf3 a4 29. Rd3 c6 30. Rd6 Rc8 31. Kf2 b5 32. Rd7 bxc4 33. Ra7 Rb8 34.
Rxa4 Rxb2 35. Rxc4 Rb6 36. e4 fxe4 37. fxe4 Kf7 38. Ke3 Ke6 39. Kf4 h6 40. h4
Kd6 41. Rd4+ Ke6 42. Rc4 {Game drawn by mutual agreement} 1/2-1/2

[Event "Team 45 45 League T93"]
[Site "Internet Chess Club"]
[Date "2022.07.15"]
[Round "1"]
[White "Fulmar"]
[Black "SeniorCitizen"]
[Result "0-1"]
[WhiteElo "1268"]
[BlackElo "1276"]
[Opening "French: exchange variation"]
[ECO "C01"]
[Time "11:33:49"]
[PlyCount "76"]
[TimeControl "2700+45"]

1. e4 e6 2. d4 d5 3. exd5 exd5 4. Bd3 Nf6 5. Ne2 Be7 6. Be3 O-O 7. Nbc3 c6 8.
Qd2 Ng4 9. Bf4 Re8 10. h3 Nf6 11. O-O-O Nh5 12. Bh2 Bd6 13. g4 Bxh2 14. gxh5 Bd6
15. h4 Bd7 16. Rdg1 Qf6 17. h6 Bf5 18. Rxg7+ Kh8 19. Rhg1 Bxd3 20. Qxd3 Qxh6+
21. Kb1 Nd7 22. Rxf7 Re7 23. Rxe7 Bxe7 24. Qf5 Nf8 25. h5 Qf6 26. Qe5 Qxe5 27.
dxe5 Ne6 28. f4 Rg8 29. Rxg8+ Kxg8 30. f5 Ng5 31. f6 Bf8 32. Nf4 Kf7 33. Kc1 Bh6
34. Nce2 Ne6 35. Kd1 Nxf4 36. Nd4 Ne6 37. c3 Nxd4 38. cxd4 Be3 {White resigns}
0-1

[Event "Team 45 45 League T93"]
[Site "Internet Chess Club"]
[Date "2022.07.17"]
[Round "1"]
[White "primerpaso"]
[Black "cool64chess"]
[Result "0-1"]
[WhiteElo "1854"]
[BlackElo "2012"]
[Opening "English opening"]
[ECO "D35"]
[Time "12:01:15"]
[PlyCount "68"]
[TimeControl "2700+45"]

1. c4 e6 2. Nc3 d5 3. cxd5 exd5 4. d4 Nf6 5. g3 c6 6. Bg2 Bd6 7. Nf3 O-O 8. O-O
Re8 9. h3 Nbd7 10. Qc2 Nf8 11. Bg5 h6 12. Bf4 Bxf4 13. gxf4 Ne4 14. e3 Bf5 15.
Nxe4 Bxe4 16. Qe2 f6 17. Nh4 Qd7 18. Qh5 g5 19. Bxe4 Rxe4 20. Ng2 Qg7 21. f3 Re7
22. f5 Qh7 23. Rae1 Qxf5 24. e4 Qg6 25. Qg4 h5 26. Qg3 Rae8 27. e5 h4 28. Qf2
Nd7 29. f4 gxf4 30. Qxh4 fxe5 31. dxe5 Rg7 32. Re2 Rxe5 33. Qf2 Qxg2+ 34. Qxg2
Rxe2 {White resigns} 0-1

[Event "Team 45 45 League T93"]
[Site "Internet Chess Club"]
[Date "2022.07.15"]
[Round "1"]
[White "fhunfi"]
[Black "QuieroAprender"]
[Result "1-0"]
[WhiteElo "1731"]
[BlackElo "1633"]
[Opening "French: classical, Steinitz variation"]
[ECO "C14"]
[Time "20:00:46"]
[PlyCount "45"]
[TimeControl "2700+45"]

1. e4 e6 2. d4 d5 3. Nc3 Nf6 4. Bg5 Be7 5. e5 Nfd7 6. Bxe7 Qxe7 7. f4 c5 8. Nb5
Na6 9. Nd6+ Kf8 10. Nf3 c4 11. Ng5 h6 12. Ngxf7 Rh7 13. Qh5 Nc7 14. Qg6 Kg8 15.
Be2 Nf8 16. Qg3 g6 17. Nxc8 Qb4+ 18. Qc3 Qxc3+ 19. bxc3 Rxf7 20. Nd6 Rxf4 21. g3
Re4 22. Nxe4 dxe4 23. Bxc4 {Black resigns} 1-0

[Event "Team 45 45 League T93"]
[Site "Internet Chess Club"]
[Date "2022.07.16"]
[Round "1"]
[White "kabindra"]
[Black "hewdondada"]
[Result "1-0"]
[WhiteElo "1697"]
[BlackElo "1663"]
[Opening "Scandinavian (center counter) defense"]
[ECO "B01"]
[Time "13:01:11"]
[PlyCount "119"]
[TimeControl "2700+45"]

1. e4 d5 2. exd5 Qxd5 3. Nc3 Qa5 4. d4 Nf6 5. Nf3 Ne4 6. Bd3 Nxc3 7. bxc3 Nd7 8.
Bd2 c6 9. Ng5 Nf6 10. Bc4 e6 11. Bb3 Qf5 12. O-O h6 13. Nf3 Bd6 14. c4 O-O 15.
c5 Bf4 16. Be3 Nd5 17. Qd2 Bxe3 18. fxe3 Qe4 19. Rae1 a5 20. c3 f6 21. h3 Qg6
22. e4 Ne7 23. Qf4 Qe8 24. Qd6 Qd7 25. Qg3 Kh8 26. Nh4 Qe8 27. Bc2 g5 28. Nf3
Ng6 29. h4 Qe7 30. hxg5 hxg5 31. e5 f5 32. Nxg5 Kg7 33. Nf3 Bd7 34. Ng5 Rh8 35.
Ne4 Qh4 36. Qxh4 Rxh4 37. Nf6 Be8 38. g3 Rh6 39. g4 Nh4 40. gxf5 Nxf5 41. Bxf5
exf5 42. Rxf5 Bg6 43. Rg5 Rah8 44. Ng4 Rh1+ 45. Kf2 Rxe1 46. Kxe1 Rh1+ 47. Kf2
Ra1 48. e6 Rxa2+ 49. Kf3 Rc2 50. e7 Rxc3+ 51. Kf4 Kf7 52. Rxg6 Kxe7 53. Rg7+ Ke6
54. Rxb7 Kd5 55. Rd7+ Kc4 56. Ne5+ Kb3 57. Rb7+ Ka2 58. Ra7 Ra3 59. Nxc6 a4 60.
d5 {Black resigns} 1-0

[Event "Team 45 45 League T93"]
[Site "Internet Chess Club"]
[Date "2022.07.17"]
[Round "1"]
[White "ChessG2011"]
[Black "jjmolina1"]
[Result "1/2-1/2"]
[WhiteElo "1475"]
[BlackElo "1435"]
[Opening "Giuoco Piano: four knights variation"]
[ECO "C50"]
[Time "12:00:33"]
[PlyCount "156"]
[TimeControl "2700+45"]

1. e4 e5 2. Nf3 Nc6 3. Bc4 Bc5 4. Nc3 Nf6 5. O-O O-O 6. d3 h6 7. h3 a6 8. a3 d6
9. Be3 Nd4 10. Bxd4 Bxd4 11. Nxd4 exd4 12. Ne2 c5 13. Ng3 d5 14. exd5 Nxd5 15.
Qh5 Be6 16. Ne4 b6 17. Ng3 Nf4 18. Qf3 Bxc4 19. Qxf4 Be6 20. Rfe1 Ra7 21. Re2
Qc7 22. Qxc7 Rxc7 23. Rae1 Rc6 24. Nh5 Rd6 25. Nf4 Bd7 26. Kh2 Rd8 27. g3 Kf8
28. Kg2 Re8 29. Rxe8+ Bxe8 30. h4 a5 31. Kf3 g6 32. Nh3 Bc6+ 33. Ke2 Re6+ 34.
Kd2 Rxe1 35. Kxe1 Ke7 36. Ke2 Kd6 37. Nf4 h5 38. f3 Ke5 39. Ng2 Kf5 40. c3 g5
41. hxg5 Kxg5 42. Ne1 Kf5 43. Nc2 Ke5 44. c4 a4 45. Na1 f5 46. f4+ Kd6 47. b3 b5
48. cxb5 Bxb5 49. bxa4 Bxa4 50. Kd2 Kd5 51. Nc2 Kc6 52. Ne1 Kd5 53. Nf3 c4 54.
dxc4+ Kxc4 55. Ne5+ Kb3 56. Kd3 Be8 57. Kxd4 Kc2 58. Nf3 Kd1 59. Nh4 Bd7 60. a4
Bxa4 61. Nxf5 Ke2 62. Ke4 Kf2 63. Ng7 Kxg3 64. Nxh5+ Kg4 65. Nf6+ Kg3 66. Ke5
Bc2 67. Ne4+ Kg4 68. f5 Kh5 69. f6 Kg6 70. Nd6 Bb3 71. Nf5 Kf7 72. Nh6+ Kg6 73.
Nf5 Kf7 74. Nd6+ Kg6 75. Ne4 Kf7 76. Kf5 Bc2 77. Ke5 Bxe4 78. Kxe4 Kxf6 {Game
drawn because neither player has mating material} 1/2-1/2

[Event "Team 45 45 League T93"]
[Site "Internet Chess Club"]
[Date "2022.07.13"]
[Round "1"]
[White "ChessMaine"]
[Black "vollmerj"]
[Result "0-1"]
[WhiteElo "1427"]
[BlackElo "1448"]
[Opening "King's Indian: 6.Be2"]
[ECO "E91"]
[Time "20:01:08"]
[PlyCount "122"]
[TimeControl "2700+45"]

1. d4 Nf6 2. c4 g6 3. Nf3 Bg7 4. Nc3 O-O 5. e4 d6 6. Be2 c5 7. d5 Na6 8. O-O Nc7
9. Qc2 e6 10. dxe6 Nxe6 11. Rd1 Qb6 12. h3 Ne8 13. Nd5 Qd8 14. Be3 N8c7 15. a3
Nxd5 16. Rxd5 Qb6 17. Rb1 Nc7 18. Rd2 f5 19. exf5 Bxf5 20. Bd3 Qc6 21. Bxf5 Rxf5
22. Rbd1 Rd8 23. b4 cxb4 24. axb4 b5 25. c5 d5 26. Nd4 Bxd4 27. Bxd4 Ne6 28. Bb2
Nf4 29. f3 Ne6 30. Qc3 d4 31. Qb3 Qd5 32. Qxd5 Rfxd5 33. Kf2 Kf7 34. g3 a6 35.
Re1 Nc7 36. Rde2 Re8 37. Rxe8 Nxe8 38. g4 Nc7 39. Rd1 Ne6 40. Kg3 d3 41. f4 Nd8
42. Kf3 Nc6 43. Bc3 Ke6 44. Ke3 a5 45. bxa5 b4 46. Bb2 Nxa5 47. Rxd3 Nc4+ 48.
Ke4 Rxd3 49. Kxd3 Nxb2+ 50. Kc2 Na4 51. Kb3 Nxc5+ 52. Kxb4 Nd3+ 53. Kc4 Nxf4 54.
h4 Ke5 55. Kc3 Ke4 56. Kd2 Kf3 57. g5 Kg3 58. Ke1 Ng2+ 59. Kf1 Nxh4 60. Kg1 Nf3+
61. Kh1 Nxg5 {White resigns} 0-1

[Event "Team 45 45 League T93"]
[Site "Internet Chess Club"]
[Date "2022.07.14"]
[Round "1"]
[White "Gojira"]
[Black "cobrabrava"]
[Result "0-1"]
[WhiteElo "1514"]
[BlackElo "1441"]
[Opening "Queen's pawn: Chigorin variation"]
[ECO "D00"]
[Time "14:00:42"]
[PlyCount "98"]
[TimeControl "2700+45"]

1. d4 d5 2. Nc3 c6 3. Bf4 Bf5 4. e3 Nf6 5. f3 Nbd7 6. g4 Bg6 7. h4 h5 8. g5 Nh7
9. Bd3 e6 10. Bxg6 fxg6 11. Qd3 Kf7 12. Nge2 Be7 13. Be5 Re8 14. Nf4 Nhf8 15.
O-O-O b5 16. a3 a5 17. Na2 b4 18. a4 Nb6 19. b3 Nbd7 20. e4 dxe4 21. Qxe4 Nxe5
22. dxe5 Qc7 23. Rhe1 Bc5 24. Nd3 Bb6 25. Kb2 Rad8 26. Nac1 Rd4 27. Qe2 c5 28.
Rh1 Kg8 29. Nf2 Red8 30. Rxd4 Rxd4 31. Ne4 Qxe5 32. Ka2 Qc7 33. Nd2 Qd6 34. Nc4
Qc6 35. Nd3 Bc7 36. Nde5 Qd5 37. Rh3 Kh7 38. Nd3 Nd7 39. Ne3 Qc6 40. Nc4 Nb6 41.
Nxa5 Qa8 42. Nxc5 Qxa5 43. Nxe6 Nxa4 44. bxa4 Qxa4+ 45. Kb1 b3 46. Nf8+ Kg8 47.
Qe6+ Kxf8 48. Qc8+ Bd8 49. Qc5+ Kg8 {White resigns} 0-1

[Event "Team 45 45 League T93"]
[Site "Internet Chess Club"]
[Date "2022.07.17"]
[Round "1"]
[White "chesskix"]
[Black "rkjulianjr"]
[Result "1-0"]
[WhiteElo "1419"]
[BlackElo "1297"]
[Opening "English: Caro-Kann defensive system"]
[ECO "A11"]
[Time "14:00:32"]
[PlyCount "73"]
[TimeControl "2700+45"]

1. c4 c6 2. Nc3 d5 3. cxd5 cxd5 4. e3 Nf6 5. Nge2 Nc6 6. g3 Bf5 7. Bg2 e6 8. O-O
a6 9. h3 Bd6 10. f4 h6 11. a3 O-O 12. d4 Rc8 13. Bd2 Bd3 14. Rf2 Ne7 15. Rc1
Bxe2 16. Nxe2 Ne4 17. Bxe4 dxe4 18. Kg2 f5 19. Nc3 b5 20. b4 Rc4 21. g4 Ng6 22.
Kf1 Nh4 23. d5 Qe7 24. dxe6 Qxe6 25. Ne2 Nf3 26. Rg2 Bb8 27. Bc3 Qe7 28. gxf5
Rf7 29. Qd5 Nh4 30. Rxg7+ Kf8 31. Rxf7+ Qxf7 32. Qd8+ Qe8 33. Qxh4 Rc6 34. Nd4
Rd6 35. Ne6+ Kg8 36. Qxh6 Qe7 37. Qg6+ {Black resigns} 1-0

[Event "Team 45 45 League T93"]
[Site "Internet Chess Club"]
[Date "2022.07.16"]
[Round "1"]
[White "seldredg"]
[Black "OGO"]
[Result "0-1"]
[WhiteElo "1261"]
[BlackElo "1275"]
[Opening "Bird's opening"]
[ECO "A02"]
[Time "12:00:18"]
[PlyCount "40"]
[TimeControl "2700+45"]

1. f4 d6 2. Nf3 Nc6 3. g3 Nf6 4. Bg2 e6 5. O-O d5 6. c3 e5 7. Nxe5 Bc5+ 8. e3
O-O 9. Nxc6 bxc6 10. a4 Bg4 11. Bf3 Bh3 12. Re1 Qd7 13. b4 Bd6 14. e4 dxe4 15.
Bxe4 Nxe4 16. Rxe4 Rae8 17. d3 Rxe4 18. dxe4 Bc5+ 19. Qd4 Bxd4+ 20. cxd4 Qxd4+
{White resigns} 0-1

[Event "Team 45 45 League T93"]
[Site "Internet Chess Club"]
[Date "2022.07.16"]
[Round "1"]
[White "burlap"]
[Black "Denis240964"]
[Result "1-0"]
[WhiteElo "1515"]
[BlackElo "1401"]
[Opening "Queen's pawn, Mason variation, Steinitz counter-gambit"]
[ECO "D00"]
[Time "15:30:18"]
[PlyCount "69"]
[TimeControl "2700+45"]

1. d4 d5 2. Bf4 c5 3. c3 Nc6 4. e3 e6 5. Bd3 Nf6 6. Nd2 c4 7. Bc2 Bd6 8. Bxd6
Qxd6 9. Ngf3 O-O 10. O-O Re8 11. Re1 b5 12. e4 dxe4 13. Nxe4 Nxe4 14. Bxe4 Bb7
15. Qc2 f5 16. Bxc6 Bxc6 17. Ne5 Rf8 18. Nxc6 Qxc6 19. Re2 Rf6 20. Rae1 Re8 21.
Re5 Rg6 22. d5 Qd7 23. Qe2 Kf7 24. b3 cxb3 25. axb3 Rf6 26. Qh5+ Rg6 27. dxe6+
Rxe6 28. Rxe6 Qxe6 29. Rxe6 Kxe6 30. Qe2+ Kf7 31. Qxb5 Re6 32. Qxf5+ Ke7 33. Kf1
g6 34. Qc5+ Kf6 35. Qxa7 {Black resigns} 1-0

[Event "Team 45 45 League T93"]
[Site "Internet Chess Club"]
[Date "2022.07.17"]
[Round "1"]
[White "gregorgg"]
[Black "kabindra"]
[Result "0-1"]
[WhiteElo "1416"]
[BlackElo "1699"]
[Opening "Scotch gambit: Benima defense"]
[ECO "C44"]
[Time "15:04:10"]
[PlyCount "158"]
[TimeControl "2700+45"]

1. e4 e5 2. Nf3 Nc6 3. d4 exd4 4. Bc4 Be7 5. Nxd4 d5 6. Nxc6 bxc6 7. exd5 cxd5
8. Bxd5 Rb8 9. O-O Qd6 10. Qf3 Nf6 11. Bc6+ Bd7 12. Bxd7+ Qxd7 13. Nc3 O-O 14.
b3 Bd6 15. Be3 Rb4 16. Rad1 Ng4 17. g3 Ne5 18. Qd5 Qh3 19. Bd4 Ng4 20. Qg2 Qh5
21. Bxa7 Ne5 22. Bd4 Nf3+ 23. Kh1 Nxd4 24. a3 Nb5 25. axb4 Nxc3 26. Rd4 Qe2 27.
f3 Qe5 28. Qd2 Nb5 29. Rd5 Qc3 30. Qxc3 Nxc3 31. Rd4 Rb8 32. Re1 g6 33. Rc4 Bxb4
34. Re3 Nd1 35. Re2 Ba5 36. Rd4 Nc3 37. Re7 Nb5 38. Rdd7 Nd6 39. c4 Re8 40.
Rxe8+ Nxe8 41. Rd8 Kf8 42. Kg2 Ke7 43. Ra8 Bb4 44. f4 Nf6 45. Kf3 h5 46. Rb8 Bc3
47. Ke3 c5 48. Rb7+ Kf8 49. Rc7 Bb4 50. h3 Ne8 51. Rc8 Ke7 52. Rb8 Nd6 53. g4
hxg4 54. hxg4 Kd7 55. Rf8 Ke6 56. Rb8 Kd7 57. Rf8 Kc7 58. Ra8 Bc3 59. Rf8 Bd4+
60. Kf3 f6 61. Rg8 g5 62. fxg5 fxg5 63. Rxg5 Nf7 64. Rf5 Ne5+ 65. Kf4 Nd3+ 66.
Ke4 Nf2+ 67. Kf4 Kd6 68. g5 Ke6 69. g6 Nd3+ 70. Kg5 Be3+ 71. Kg4 Bh6 72. Rh5 Bg7
73. Rd5 Bd4 74. Kh5 Nf4+ 75. Kh6 Nxd5 76. cxd5+ Kxd5 77. Kh7 Kc6 78. g7 Bxg7 79.
Kxg7 Kb5 {White resigns} 0-1

[Event "Team 45 45 League T93"]
[Site "Internet Chess Club"]
[Date "2022.07.18"]
[Round "1"]
[White "Toalla"]
[Black "DaveTheRook"]
[Result "0-1"]
[WhiteElo "1219"]
[BlackElo "1375"]
[Opening "Sicilian: Alapin's variation (2.c3)"]
[ECO "B22"]
[Time "18:01:30"]
[PlyCount "126"]
[TimeControl "2700+45"]

1. e4 c5 2. c3 Nc6 3. d4 cxd4 4. cxd4 e6 5. d5 exd5 6. exd5 Bb4+ 7. Nc3 Qe7+ 8.
Be3 Ne5 9. Be2 Nf6 10. Nh3 O-O 11. O-O d6 12. Nf4 b6 13. a3 Bc5 14. h3 Bxe3 15.
fxe3 Ng6 16. Qd4 Nxf4 17. Rxf4 Re8 18. Kf2 Bd7 19. Bb5 Bxb5 20. Nxb5 Nxd5 21.
Rf3 Qe5 22. Rc1 Qxd4 23. Nxd4 Rac8 24. Rxc8 Rxc8 25. Nb5 Rc2+ 26. Kg3 Rxb2 27.
Nxd6 f6 28. Nf5 Nc3 29. Nd4 Ne4+ 30. Kh2 Ra2 31. Rf4 Nc5 32. Kg3 Rxa3 33. Kf3
Kf7 34. Nc2 Ra4 35. Rf5 g6 36. Rd5 Ra2 37. Ne1 Ra1 38. Nc2 Rf1+ 39. Ke2 Rf5 40.
Rd8 a5 41. g4 Re5 42. Rb8 Re6 43. Nd4 Re8 44. Rxb6 Ne6 45. Rb7+ Re7 46. Rxe7+
Kxe7 47. Nb5 a4 48. Kd2 Nc5 49. Nd4 Kd6 50. Nb5+ Ke5 51. Kc2 Ke4 52. Nc3+ Kxe3
53. Nd5+ Kf3 54. Nxf6 Kg3 55. Nxh7 Kxh3 56. Nf6 Kh4 57. Ne8 Kg5 58. Nc7 Kxg4 59.
Nd5 Kf3 60. Kc3 g5 61. Kb4 g4 62. Kxc5 a3 63. Nc3 g3 {White resigns} 0-1

[Event "Team 45 45 League T93"]
[Site "Internet Chess Club"]
[Date "2022.07.18"]
[Round "1"]
[White "rhayder"]
[Black "kabubi"]
[Result "0-1"]
[WhiteElo "1017"]
[BlackElo "1147"]
[Opening "QGD: Ragozin variation"]
[ECO "D38"]
[Time "18:14:07"]
[PlyCount "48"]
[TimeControl "2700+45"]

1. d4 e6 2. c4 d5 3. Nf3 Bb4+ 4. Nc3 Nf6 5. a3 Bxc3+ 6. bxc3 O-O 7. Bg5 Nbd7 8.
e3 b6 9. a4 Ba6 10. Qb3 c5 11. Bd3 dxc4 12. Bxc4 Bxc4 13. Qxc4 Qc7 14. Ne5 Nxe5
15. dxe5 Nd7 16. Be7 Rfe8 17. Bd6 Qc6 18. a5 b5 19. Qf4 Qxg2 20. O-O-O Qg6 21.
Rhg1 Qf5 22. Rxg7+ Kxg7 23. Qg3+ Qg6 24. Bf8+ Nxf8 {White resigns} 0-1

[Event "Team 45 45 League T93"]
[Site "Internet Chess Club"]
[Date "2022.07.17"]
[Round "1"]
[White "Andressa"]
[Black "BlueStorm"]
[Result "0-1"]
[WhiteElo "1348"]
[BlackElo "1411"]
[Opening "Robatsch (modern) defense"]
[ECO "B06"]
[Time "16:11:42"]
[PlyCount "104"]
[TimeControl "2700+45"]

1. e4 g6 2. Nc3 Bg7 3. Nf3 c6 4. Bc4 e6 5. d4 d5 6. exd5 cxd5 7. Be2 Nf6 8. O-O
a6 9. Re1 O-O 10. Bf4 Nh5 11. Bg3 Nxg3 12. hxg3 Nc6 13. Qd2 Qb6 14. Na4 Qb4 15.
Qxb4 Nxb4 16. Bd3 Nxd3 17. cxd3 b5 18. Nc5 Re8 19. Ne5 Ra7 20. b4 f6 21. Nf3 e5
22. dxe5 fxe5 23. Rac1 a5 24. a3 axb4 25. axb4 Bf5 26. d4 e4 27. Rcd1 Bg4 28.
Rc1 Ra2 29. Nh2 Bc8 30. Nb3 Rf8 31. f3 Bh6 32. Rc5 e3 33. f4 e2 34. Kf2 Rb2 35.
Nc1 Bg7 36. Rxd5 Be6 37. Rd6 Bc4 38. Kf3 Re8 39. Ng4 Rb1 40. Ne5 Bf8 41. Rd7
Bxb4 42. Rxe2 Bxe2+ 43. Nxe2 Rb3+ 44. Kf2 Rb2 45. Kf3 Ra8 46. Nd3 Rb3 47. Nc1
Rc3 48. Kg4 Ba3 49. Ne5 Rxc1 50. Kg5 Bf8 51. Rb7 Rd1 52. Nc6 Rc8 {White resigns}
0-1

[Event "Team 45 45 League T93"]
[Site "Internet Chess Club"]
[Date "2022.07.18"]
[Round "1"]
[White "BrerRabbit"]
[Black "NATYNL09"]
[Result "1-0"]
[WhiteElo "1370"]
[BlackElo "1186"]
[Opening "Queen's pawn game, Chigorin variation"]
[ECO "D02"]
[Time "19:29:58"]
[PlyCount "39"]
[TimeControl "2700+45"]

1. d4 d5 2. Nf3 Nc6 3. g3 Bg4 4. Bg2 Nf6 5. Ne5 Nxe5 6. dxe5 Ne4 7. f3 Nxg3 8.
hxg3 Bf5 9. Be3 e6 10. Nc3 Bb4 11. Kf2 f6 12. exf6 Qxf6 13. Rh4 Bxc3 14. bxc3
Qxc3 15. Bd4 Qxc2 16. Qxc2 Bxc2 17. Rc1 Bg6 18. Rxc7 Rg8 19. Rxb7 O-O-O 20. Rxa7
{Black resigns} 1-0

[Event "Team 45 45 League T93"]
[Site "Internet Chess Club"]
[Date "2022.07.13"]
[Round "1"]
[White "howah45"]
[Black "PsyMar"]
[Result "1-0"]
[WhiteElo "1178"]
[BlackElo "1270"]
[Opening "Alekhine's defense: Sämisch attack"]
[ECO "B02"]
[Time "10:02:36"]
[PlyCount "65"]
[TimeControl "2700+45"]

1. e4 Nf6 2. e5 Nd5 3. Nc3 e6 4. Nxd5 exd5 5. Nf3 c5 6. g3 d6 7. Qe2 Be6 8. Bg2
Nc6 9. d3 dxe5 10. Nxe5 Nd4 11. Qd2 Bd6 12. Nf3 Bh3 13. Qe3+ Be7 14. O-O Bxg2
15. Kxg2 Nxc2 16. Qe2 Nxa1 17. Bf4 g5 18. Bxg5 Nc2 19. Bxe7 Qxe7 20. Qxc2 O-O-O
21. Re1 Qd6 22. Rc1 b6 23. b4 Kb7 24. bxc5 bxc5 25. Qxc5 Qe6 26. Qc7+ Ka8 27.
Qc6+ Qxc6 28. Rxc6 Rhg8 29. Rc7 Rg7 30. Ne5 Rf8 31. Nc6 f6 32. Rxg7 Rc8 33.
Rxa7# {Black checkmated} 1-0

[Event "Team 45 45 League T93"]
[Site "Internet Chess Club"]
[Date "2022.07.18"]
[Round "1"]
[White "stantheman59"]
[Black "Alisson27"]
[Result "1-0"]
[WhiteElo "1148"]
[BlackElo "882"]
[Opening "Queen's pawn, Mason variation"]
[ECO "D00"]
[Time "20:06:49"]
[PlyCount "93"]
[TimeControl "2700+45"]

1. d4 d5 2. Bf4 Bf5 3. Nf3 Nc6 4. c3 Nf6 5. h3 h5 6. e3 a6 7. Nbd2 e6 8. Be2 Bd6
9. Bg5 Be7 10. Bf4 Kd7 11. Nb3 Kc8 12. Ne5 Nxe5 13. Bxe5 Ne4 14. O-O Bd6 15.
Bxg7 Rg8 16. Be5 Bxe5 17. dxe5 Bxh3 18. Bf3 Bxg2 19. Bxg2 Qg5 20. Qf3 Qxe5 21.
Kh1 c5 22. Rg1 Re8 23. Qxf7 Rh8 24. Bxe4 Qxe4+ 25. Rg2 d4 26. Nxc5 Qc6 27. cxd4
Kb8 28. Qxb7+ Qxb7 29. Nxb7 Kxb7 30. Rg6 Rae8 31. f4 h4 32. Rag1 Ka7 33. e4 Rhf8
34. R1g4 h3 35. Kh2 Rc8 36. Rxe6 Rc2+ 37. Kxh3 Rxb2 38. Rg7+ Ka8 39. Rxa6+ Kb8
40. f5 Rb4 41. Rga7 Rxd4 42. Re7 Rd3+ 43. Kg4 Rg8+ 44. Kf4 Rgg3 45. Rg6 Rde3 46.
Rxg3 Rxg3 47. Kxg3 {Black resigns} 1-0